 Dungeon Crawl Stone Soup version 0.26.1-10-gdfb7c7de75 (webtiles) character file.

Game seed: 14832551176368690820

1817 lauthentik the Cleaver (level 9, -1/112 HPs)
             Began as a Hill Orc Fighter on Apr 8, 2021.
             Was a Believer of Okawaru.
             Slain by a vampire mosquito (6 damage)
             ... on level 7 of the Dungeon.
             The game lasted 00:24:10 (6402 turns).

lauthentik the Cleaver (Hill Orc Fighter)           Turns: 6402, Time: 00:24:11

Health: -1/112     AC: 24    Str: 23 (25) XL:     9   Next: 10%
Magic:  9/9        EV:  2    Int:  5 (8)  God:    Okawaru [**....]
Gold:   316        SH: 11    Dex: 11 (13) Spells: 8/8 levels left

rFire    . . .     SeeInvis .   v - +0 hand axe (vorpal)
rCold    . . .     Faith    .   y - +0 kite shield
rNeg     + + +     Spirit   .   (armour currently unavailable)
rPois    +         Reflect  .   (helmet currently unavailable)
rElec    .         Harm     .   (cloak currently unavailable)
rCorr    .         Rampage  .   (gloves currently unavailable)
Will     +....     NoTele   +   (boots currently unavailable)
Stlth    +.........             (no amulet)
HPRegen  0.28/turn              E - +6 ring of strength
MPRegen  0.11/turn              K - ring of willpower

@: brilliant, tree-form, slowed, very slow
A: no striking features
a: Renounce Religion, Heroism


You were on level 7 of the Dungeon.
You worshipped Okawaru.
Okawaru was pleased with you.
You were a tree.
You visited 1 branch of the dungeon, and saw 7 of its levels.
You also visited: Sewer.

You collected 316 gold pieces.

Inventory:

Hand Weapons
 a - a +0 war axe
 v - a +0 vorpal hand axe (weapon)
Missiles
 C - 10 javelins
 D - 6 silver javelins (quivered)
Armour
 c - a +0 pair of boots (melded)
 j - a +0 chain mail (melded)
 m - a +2 hat (melded)
 y - a +0 kite shield (worn)
 z - a +0 helmet
 F - a +0 pair of gloves (melded)
 I - a +0 cloak (melded)
Jewellery
 E - a +6 ring of strength (left branch)
 G - an uncursed ring of magical power
 J - an uncursed ring of magical power
 K - a ring of willpower (right branch)
Wands
 r - a wand of paralysis (3)
 s - a wand of iceblast (9)
Scrolls
 e - 9 scrolls of remove curse {unknown}
 f - 2 scrolls of blinking {unknown}
 g - 4 scrolls of magic mapping {unknown}
 h - 3 scrolls of fog {unknown}
 n - 3 scrolls of teleportation {unknown}
 o - 2 scrolls of enchant armour {unknown}
 q - 7 scrolls of identify {unknown}
 w - a scroll of fear {unknown}
 H - a scroll of brand weapon {unknown}
 L - 2 scrolls of silence {unknown}
Potions
 b - a potion of ambrosia {unknown}
 i - 2 potions of brilliance
 k - a potion of berserk rage {unknown}
 l - 2 potions of curing
 p - 2 potions of degeneration
 t - a potion of flight
 u - 2 potions of haste {unknown}
 x - 2 potions of mutation {unknown}
 A - 2 potions of lignification
Miscellaneous
 B - a phantom mirror


   Skills:
 + Level 5.7 Fighting
 + Level 9.8 Axes
 + Level 1.2 Throwing
 + Level 5.7 Armour
 + Level 1.6 Dodging
 + Level 0.6 Stealth
 + Level 7.4 Shields


You had 8 spell levels left.
You didn't know any spells.
Your spell library was empty.

Dungeon Overview and Level Annotations

Branches:
Dungeon (7/15)             Temple (0/1) D:4           Sewer (visited)

Altars:
Fedhas
Nemelex Xobeh
Okawaru
Sif Muna
The Shining One


Message History

The vampire mosquito is lightly damaged.
The vampire mosquito bites you!
* * * LOW HITPOINT WARNING * * *
The vampire mosquito draws strength from your injuries!
You block the vampire mosquito's attack.
It was a potion of lignification.
You turn into a tree.
Your +0 cloak melds into your body.
Your +2 hat melds into your body.
Your +0 pair of gloves melds into your body.
Your +0 pair of boots melds into your body.
Your +0 chain mail melds into your body.
Your roots penetrate the ground.
The vampire mosquito bites you but does no damage. x3
You slash the vampire mosquito!
The vampire mosquito is heavily damaged.
The vampire mosquito bites you but does no damage. x2
You hit the vampire mosquito but do no damage.
The vampire mosquito is heavily damaged.
The vampire mosquito bites you but does no damage.
The vampire mosquito bites you.
You die...

####.###.#.# ####
## #<# #.#.# #...
... #.#
#.#.####..###.##
#.#
#.#††....##..#.
#.#
#.#.....##..#.#
..#
#......##..##.##
###
###....#..##...##
#....#.##)}:[.#
#....≈#♣yW[#
#....#.##†[}..#
####.#..##...##
#.##..##.## #..
#..#.# ##. #..#.
# ##.## ..


You could see a wraith and a vampire mosquito.

Vanquished Creatures
  Sigmund (D:3)
  A water moccasin (Sewer)
  A black bear (D:5)
  2 sky beasts
  2 ogres
  A centaur (D:7)
  A bullfrog (D:4)
  A scorpion (D:6)
  A killer bee (D:7)
  4 wights (D:6)
  2 howler monkeys (D:6)
  A jelly (D:7)
  A quasit (D:5)
  A bullfrog zombie (D:6)
  6 hounds
  A bullfrog skeleton (D:5)
  A gnoll shaman (D:5)
  An orc wizard (D:5)
  2 worker ants (D:5)
  A hound zombie (D:5)
  A hound skeleton (D:6)
  6 adders
  8 gnolls
  A howler monkey skeleton (D:6)
  A worker ant zombie (D:6)
  An ooze (D:1)
  An adder zombie (D:6)
  A worm (D:6)
  2 dart slugs
  2 leopard geckos
  12 orcs
  6 bats
  6 giant cockroaches
  11 goblins
  9 hobgoblins
  3 jackals
  2 quokkas
  5 frilled lizards
  A jackal skeleton (D:5)
  9 kobolds
  12 rats
132 creatures vanquished.

Vanquished Creatures (others)
  A plant (D:6)
1 creature vanquished.

Grand Total: 133 creatures vanquished

Notes
Turn   | Place    | Note
-------+----------+-------------------------------------------
     0 | D:1      | lauthentik the Hill Orc Fighter began the quest for the
                  | Orb.
     0 | D:1      | Reached XP level 1. HP: 19/19 MP: 1/1
     6 | D:1      | Noticed a black bear
     6 | D:1      | Noticed an iguana
     6 | D:1      | Noticed a salamander
     7 | D:1      | Noticed a rime drake
   168 | D:1      | Reached XP level 2. HP: 27/27 MP: 2/2
   179 | D:1      | Reached skill level 3 in Axes
   371 | D:1      | Reached XP level 3. HP: 32/33 MP: 3/3
  1175 | D:2      | Reached skill level 4 in Axes
  1184 | D:2      | Reached XP level 4. HP: 23/40 MP: 4/4
  1814 | D:3      | Reached XP level 5. HP: 46/46 MP: 5/5
  1886 | D:3      | Noticed Sigmund
  1919 | D:3      | Paralysed by an orc for 3 turns
  1926 | D:3      | Killed Sigmund
  1927 | D:3      | Reached skill level 5 in Axes
  2260 | D:3      | Reached XP level 6. HP: 53/53 MP: 6/6
  3254 | D:3      | Found an iron altar of Okawaru.
  3282 | D:3      | Became a worshipper of Warmaster Okawaru
  3434 | D:4      | Reached skill level 6 in Axes
  3879 | D:4      | Reached skill level 5 in Fighting
  3879 | D:4      | Reached XP level 7. HP: 60/61 MP: 7/7
  3909 | D:4      | Reached skill level 1 in Dodging
  4080 | D:4      | Found a staircase to the Ecumenical Temple.
  4155 | D:4      | Reached skill level 7 in Axes
  4579 | D:5      | Entered Level 5 of the Dungeon
  4589 | D:5      | Reached skill level 5 in Shields
  4614 | D:5      | Reached skill level 5 in Armour
  4617 | D:5      | Reached * piety under Okawaru
  4905 | D:5      | Reached XP level 8. HP: 69/69 MP: 8/8
  5105 | D:5      | Found a shimmering blue altar of Sif Muna.
  5394 | D:6      | Reached skill level 8 in Axes
  5444 | D:6      | Found a glowing drain.
  5467 | Sewer    | Entered a sewer
  5508 | Sewer    | Reached skill level 1 in Throwing
  5560 | D:6      | Found a sparkling altar of Nemelex Xobeh.
  5595 | D:6      | Found a glowing golden altar of the Shining One.
  5881 | D:6      | Reached skill level 9 in Axes
  5899 | D:6      | Found a blossoming altar of Fedhas.
  6137 | D:6      | Reached ** piety under Okawaru
  6345 | D:7      | Reached XP level 9. HP: 69/75 MP: 9/9
  6399 | D:7      | HP: 2/75 [vampire mosquito (7)]
  6402 | D:7      | Slain by a vampire mosquito

Illustrated notes

Levels and vault maps discovered:
D:1:      onia_arrival_zoo_common, layout_basic
D:2:      layout_loops_corners, roderic_roman_lattice, grunt_ministairs_13
D:3:      minmay_octagon_keep, layout_basic, okawaru_altar_gauntlet_db,
          kennysheep_decorative_pillar, uniq_sigmund
D:4:      layout_gridville, minmay_temple_entry_waves, minmay_puff
D:5:      layout_basic, lemuel_round_altar, grunt_ministairs_6
D:6:      layout_loops_ring, lemuel_doored_altar,
          nemelex_xobeh_ov_fountains_minmay, tso_oasis_becter,
          cheibrodos_sewer_entry_drain, kennysheep_small_circle
D:7:      minmay_the_grid_octo_triangle [minmay_the_grid_octo_77,
          minmay_the_grid_octo_prize_star, minmay_the_grid_octo_shrine],
          layout_basic, serial_shops, nicolae_shop_crystal, kennysheep_mini,
          shop, lemuel_flamethrower_1, uniq_joseph, uniq_menkaure, uniq_duvessa

Skill      XL: |  1  2  3  4  5  6  7  8 |
---------------+-------------------------+-----
Axes           | 3 4 5 6 7 9 |  9.8
Fighting       | 4 5 |  5.7
Shields        | 4 5 7 |  7.4
Armour         | 4 5 |  5.7
Dodging        | 1 |  1.6
Throwing       | 1 |  1.2
Stealth        | |  0.6

Action                   |  1- 3 |  4- 6 |  7- 9 || total
-------------------------+-------+-------+-------++-------
Melee: War axe           |    76 |    27 |       ||   103
       Hand axe          |    27 |   113 |   253 ||   393
Throw: Javelin           |       |     5 |    11 ||    16
Invok: Heroism           |       |       |     1 ||     1
  Use: Potion            |       |     1 |     4 ||     5
Armor: Scale mail        |    15 |       |       ||    15
       Chain mail        |    39 |    63 |   143 ||   245
       Skin              |       |       |     6 ||     6
Dodge: Dodged            |    31 |    32 |    72 ||   135
Block: Kite shield       |    54 |    66 |   167 ||   287
